 Dungeon Crawl Stone Soup version 0.29.1-2-gbd0b4ee654 (webtiles) character file.

Game seed: 2664251804512874007

1552 BaabKaare the Ruffian (level 8, -12/55 HPs)
             Began as a Yellow Draconian Transmuter on Nov 9, 2022.
             Was a Priest of Hepliaklqana.
             Mangled by Menkaure (18 damage)
             ... on level 6 of the Dungeon.
             The game lasted 00:24:53 (5400 turns).

BaabKaare the Ruffian (Yellow Draconian Transmuter) Turns: 5400, Time: 00:24:53

Health: -12/55     AC:  2    Str: 14    XL:     8   Next: 57%
Magic:  14/15      EV: 20    Int: 13    God:    Hepliaklqana [***...]
Gold:   286        SH:  0    Dex: 18    Spells: 7/16 levels left

rFire   + . .      SeeInvis .     - Unarmed
rCold   . . .      Faith    .   (shield currently unavailable)
rNeg    . . .      Spirit   .   (body armour unavailable)
rPois   x          Reflect  .   (helmet currently unavailable)
rElec   .          Harm     .   (cloak currently unavailable)
rCorr   .          Rampage  .   (gloves currently unavailable)
Will    .....                   (boots currently unavailable)
Stlth   ++........              (no amulet)
HPRegen 0.18/turn               s - ring of protection from fire
MPRegen 0.14/turn               (no ring)

@: spider-form (expiring)
A: venomous fangs, reduced essence, (spit acid), AC +6, tiny, unfitting armour,
(cold-blooded), (acid resistance)
a: End Transformation, Renounce Religion, Recall Ancestor, Ancestor Identity,
Transference


You were on level 6 of the Dungeon.
You worshipped Hepliaklqana.
Hepliaklqana was most pleased with you.
You were a venomous arachnid creature.
You visited 1 branch of the dungeon, and saw 6 of its levels.

You collected 286 gold pieces.

Inventory:

Hand Weapons
 w - a +2 whip of freezing
Missiles
 b - 57 stones
 c - 2 throwing nets
 j - 21 poisoned darts
Jewellery
 s - a ring of protection from fire (left front leg)
Scrolls
 f - a scroll of torment {unknown}
 g - 3 scrolls of blinking
 i - a scroll of amnesia
 p - a scroll of magic mapping {unknown}
 q - a scroll of immolation {unknown}
 t - a scroll of summoning {unknown}
 u - a scroll of teleportation {unknown}
 v - 3 scrolls of identify
Potions
 a - a potion of lignification
 d - a potion of experience {unknown}
 e - 4 potions of heal wounds
 h - 3 potions of attraction {unknown}
 k - a potion of ambrosia {unknown}
 l - 2 potions of curing {unknown}
 m - a potion of invisibility {unknown}
 n - a potion of brilliance {unknown}
 o - a potion of cancellation {unknown}
 r - a potion of flight {unknown}


   Skills:
 + Level 2.5 Fighting
 + Level 3.1 Dodging
 + Level 2.4 Stealth
 + Level 6.0 Unarmed Combat
 + Level 4.7 Spellcasting
 + Level 4.4 Transmutations
 - Level 3.5 Ice Magic
 - Level 3.3 Poison Magic
 - Level 0.2 Invocations


You had 7 spell levels left.
You knew the following spells:

 Your Spells              Type           Power      Damage    Failure   Level
a - Beastly Appendage     Tmut           28%        N/A       11%         1
b - Spider Form           Tmut/Pois      13%        N/A       28%         3
c - Freeze                Ice            48%        1d7       14%         1
d - Ice Form              Ice/Tmut       13%        N/A       58%         4

Your spell library contained the following spells:

 Spells                   Type           Power      Damage    Failure   Level
 Wereblood                Tmut           14%        N/A       14%         2
 Frozen Ramparts          Ice            24%        1d4       32%         3
 Slow                     Hex            12%        N/A       38%         1
 Confusing Touch          Hex            3%         N/A       71%         3
 Gell's Gravitas          Tloc           3%         N/A       71%         3
 Lesser Beckoning         Tloc           3%         N/A       71%         3
 Teleport Other           Tloc           3%         N/A       71%         3
 Vampiric Draining        Necr           3%         2d6       71%         3
 Hailstorm                Conj/Ice       7%         3d4       85%         4


Dungeon Overview and Level Annotations

Branches:
Dungeon (6/15)             Temple (0/1) D:5

Altars:
Hepliaklqana

Annotations:
D:6 Menkaure


Innate Abilities, Weirdness & Mutations

You are a venomous arachnid creature.
You have poisonous fangs.
You are tiny and dextrous.
Your spellcasting is less reliable in this form.
Your armour is entirely melded.
You are incapable of wielding weapons or throwing items.
Your life essence is reduced to manifest your ancestor. (-10% HP)
((You can spit globs of acid.))
((Your golden yellow scales are hard. (AC +6)))
You cannot fit into any form of body armour.
((You are cold-blooded and may be slowed by cold attacks.))
((You are resistant to acid. (rCorr)))


Message History

There is an open door here.
Xiloxoch points at the yak and mumbles some strange words.
The stone arrow hits the yak!
The yak dies!
You feel much better.
Xiloxoch hits the yak with a +0 quarterstaff!
Menkaure mumbles some strange words.
Menkaure seems to speed up.
Xiloxoch closely misses the yak.
The yak gores you. The yak closely misses you.
There is an open door here.
You bite the yak!
You kill the yak!
Xiloxoch gestures at the yak while chanting.
The stone arrow hits the yak!
Menkaure whispers in an indecipherable tongue.
You completely miss the yak.
The yak is severely wounded.
Your transformation is almost over.
Menkaure calls on the powers of darkness!
The yak convulses!
Your body is wracked with pain!
The yak gores you!
* * * LOW HITPOINT WARNING * * *
Xiloxoch gestures at the yak while chanting.
The stone arrow hits the yak!
The yak dies!
Your Unarmed Combat skill increases to level 6!
Xiloxoch barely misses Menkaure.
Things that are here:
a yak corpse; a yak corpse You feel much better.
Menkaure hits Xiloxoch!!
Xiloxoch is destroyed!
You hit Menkaure but do no damage. Menkaure misses you. Menkaure misses you.
You hit Menkaure.
Menkaure is lightly damaged.
Menkaure hits you!!
* * * LOW HITPOINT WARNING * * *
You bite Menkaure!
Menkaure is heavily damaged.
Menkaure hits you!!
You die...

#.............##......
+..............)..#+###..
#.####................# .
# #................#
#..........[.....#
######......<....#
########'###...#####
.......M†.#....#
........s.......
...........##....
...........##..#.
...........##..#.#
..........###..#.#
..........# ..........#
...########


You could see Menkaure (fast).

Vanquished Creatures
  Maggie (D:6)
  A yak (D:6)
  2 black bears (D:5)
  A howler monkey (D:4)
  2 hounds
  An orc wizard (D:6)
  Natasha (D:3)
  6 adders
  A shadow imp (D:5)
  An ufetubus (D:2)
  A worm (D:2)
  3 dart slugs
  2 orcs
  5 ball pythons
  3 bats
  3 endoplasms
  3 giant cockroaches
  4 goblins
  6 hobgoblins
  4 kobolds
  3 quokkas
  3 rats (D:2)
57 creatures vanquished.

Vanquished Creatures (collateral kills)
  Grinder (D:4)
  3 yaks (D:6)
  2 hounds
  An iguana (D:4)
  Natasha (twice) (D:3)
  An orc wizard (D:6)
  3 adders
  A dart slug (D:4)
  A worm (D:4)
  2 orcs (D:6)
  3 ball pythons
  A bat (D:3)
  An endoplasm (D:4)
  A goblin (D:2)
  A hobgoblin (D:1)
  3 kobolds
  A quokka (D:3)
28 creatures vanquished.

Vanquished Creatures (others)
  A battlemage (D:6)
  10 plants (D:1)
11 creatures vanquished.

Grand Total: 96 creatures vanquished

Notes
Turn   | Place    | Note
-------+----------+-------------------------------------------
     0 | D:1      | BaabKaare the Draconian Transmuter began the quest for the
                  | Orb.
     0 | D:1      | Reached XP level 1. HP: 16/16 MP: 3/3
    79 | D:2      | Reached XP level 2. HP: 2/23 MP: 3/5
   571 | D:1      | Found a faded altar of an unknown god.
   580 | D:1      | Prayed at the altar of an unknown god.
   580 | D:1      | Became a worshipper of Hepliaklqana the Forgotten
   580 | D:1      | Reached * piety under Hepliaklqana
  1365 | D:2      | Reached XP level 3. HP: 19/25 MP: 4/6
  1369 | D:2      | Learned a level 3 spell: Spider Form
  1371 | D:2      | Learned a level 1 spell: Freeze
  1625 | D:2      | Reached XP level 4. HP: 28/31 MP: 5/7
  1629 | D:2      | Identified the +1 leather armour "Qenih" {Will- rCorr
                  | Stlth+}
  1783 | D:2      | Reached skill level 1 in Poison Magic
  2183 | D:2      | Reached skill level 1 in Ice Magic
  2538 | D:3      | Noticed Natasha
  2544 | D:3      | Killed Natasha
  2545 | D:3      | Reached skill level 4 in Unarmed Combat
  2592 | D:3      | Reached ** piety under Hepliaklqana
  2594 | D:3      | Remembered your ancestor Xiloxoch as a battlemage
  2624 | D:4      | Reached XP level 5. HP: 34/36 MP: 6/9
  2835 | D:3      | Reached XP level 6. HP: 42/42 MP: 6/10
  2859 | D:3      | Learned a level 4 spell: Ice Form
  2953 | D:3      | Noticed Natasha
  2957 | D:3      | Killed Natasha
  2958 | D:3      | Reached skill level 1 in Stealth
  3434 | D:3      | Noticed Natasha
  3440 | D:3      | Killed Natasha
  3987 | D:4      | Noticed Grinder
  4004 | D:4      | Paralysed by Grinder for 4 turns
  4004 | D:4      | Killed Grinder
  4005 | D:4      | Your scales start taking on a golden yellow colour.
  4005 | D:4      | Reached XP level 7. HP: 31/46 MP: 8/12
  4005 | D:4      | Gained mutation: You are resistant to acid. (rCorr) [Yellow
                  | Draconian growth]
  4258 | D:4      | Reached *** piety under Hepliaklqana
  4269 | D:4      | Identified the +7 flail "Arbiter" {freeze, Dex+3}
  4703 | D:5      | Entered Level 5 of the Dungeon
  4768 | D:6      | Noticed Maggie
  4793 | D:5      | Reached skill level 5 in Unarmed Combat
  5063 | D:5      | Found a staircase to the Ecumenical Temple.
  5109 | D:6      | Killed Maggie
  5110 | D:6      | Reached XP level 8. HP: 14/54 MP: 11/14
  5383 | D:6      | Noticed Menkaure
  5395 | D:6      | Reached skill level 6 in Unarmed Combat
  5400 | D:6      | Mangled by Menkaure

Illustrated notes

Levels and vault maps discovered:
D:1:      dpeg_arrival_rhombi, layout_rooms, serial_glass, glass_columns_a,
          glass_columns_b, glass_columns_a, glass_columns_a, glass_columns_a,
          glass_columns_a, glass_columns_c, glass_columns_b,
          dilly_ecumenical_altar_fadedgnrine
D:2:      minmay_inner_zag, layout_loops_ring
D:3:      layout_loops_corners, minmay_misc_feat_five, nicolae_hexahallways,
          uniq_natasha
D:4:      layout_basic, uniq_grinder
D:5:      layout_basic, yredelemnul_forgotten_temple_becter, temple_fountains,
          serial_shops, nicolae_shop_advertising_works
          [nicolae_subvault_shop_adworks]
D:6:      layout_basic, nicolae_hepliaklqana_hazy_memory,
          minmay_misc_feat_pillars, uniq_maggie, uniq_menkaure

Skill      XL: |  1  2  3  4  5  6  7  8 |
---------------+-------------------------+-----
Dodging        | 2 3 |  3.1
Poison Magic   | 1 2 3 |  3.3
Ice Magic      | 1 2 3 |  3.5
Unarmed Combat | 4 5 6 |  6.0
Spellcasting   | 3 4 |  4.7
Stealth        | 1 2 |  2.4
Transmutations | 3 4 |  4.4
Fighting       | 2 |  2.5
Invocations    | |  0.2

Action                   |  1- 3 |  4- 6 |  7- 9 || total
-------------------------+-------+-------+-------++-------
Melee: Unarmed           |    80 |    65 |    44 ||   189
       Tailslap          |     7 |     2 |       ||     9
       Headbutt          |     8 |     4 |     2 ||    14
       Kick              |    14 |     6 |     2 ||    22
       Punch             |       |       |     1 ||     1
 Cast: Beastly Appendage |    21 |    10 |     3 ||    34
       Spider Form       |       |    12 |     5 ||    17
       Freeze            |       |     7 |     1 ||     8
       Ice Form          |       |       |     1 ||     1
Invok: Ancestor Life: Ba |       |     1 |       ||     1
       Ancestor Identity |       |     1 |       ||     1
       Recall Ancestor   |       |       |     1 ||     1
       Transference      |       |       |     1 ||     1
  Use: Scroll            |       |     4 |       ||     4
       Potion            |       |       |     2 ||     2
 Stab: Sleeping          |       |     2 |       ||     2
       Distracted        |       |     2 |       ||     2
Armor: Skin              |    28 |    23 |    13 ||    64
Dodge: Dodged            |    58 |    55 |    35 ||   148
